 Dungeon Crawl Stone Soup version 0.28-a0-653-g7e9dba17c3 (webtiles) character file.

Game seed: 16134075064710306953

1527 flotson the Skirmisher (level 8, -7/62 HPs)
             Began as a Demonspawn Delver on Oct 11, 2021.
             Mangled by an orc warrior (11 damage)
             ... on level 5 of the Dungeon.
             The game lasted 00:10:59 (6429 turns).

flotson the Skirmisher (Demonspawn Delver)          Turns: 6429, Time: 00:11:00

Health: -7/62      AC:  8    Str: 14    XL:     8   Next: 55%
Magic:  8/8        EV: 16    Int: 12    God:
Gold:   286        SH:  0    Dex: 15    Spells: 7/7 levels left

rFire   . . .      SeeInvis .   a - +3 war axe (flame)
rCold   . . .      Faith    .   (no shield)
rNeg    . . .      Spirit   .   y - +2 leather armour {rPois}
rPois   +          Reflect  .   p - +2 hat
rElec   .          Harm     .   (no cloak)
rCorr   .          Rampage  .   (no gloves)
Will    .....                   n - +0 pair of boots
Stlth   +++.......              (no amulet)
HPRegen 0.20/turn               (no ring)
MPRegen 0.11/turn               (no ring)

@: hasted, very quick
A: repulsion field 2, condensation shield, demonic magic 1
a: no special abilities


You were on level 5 of the Dungeon.
You visited 1 branch of the dungeon, and saw 6 of its levels.

You collected 286 gold pieces.

Inventory:

Hand Weapons
 a - a +3 war axe of flaming (weapon)
Missiles
 k - 8 atropa-tipped darts (quivered)
 l - 3 poisoned darts
Armour
 n - a +0 pair of boots (worn)
 p - a +2 hat (worn)
 y - a +2 leather armour of poison resistance (worn)
Wands
 g - a wand of digging (2)
Scrolls
 c - 2 scrolls of fog
 d - 2 scrolls of magic mapping
 e - a scroll of fear
 h - 5 scrolls of identify
 i - a scroll of torment {unknown}
 j - a scroll of acquirement {unknown}
 m - a scroll of vulnerability {unknown}
 o - 2 scrolls of immolation
 q - 2 scrolls of amnesia
 u - a scroll of teleportation
 v - a scroll of enchant armour {unknown}
Potions
 b - 2 potions of curing
 r - a potion of ambrosia {unknown}
 s - a potion of magic {unknown}
 t - a potion of degeneration {unknown}
 w - a potion of flight {unknown}
 x - 2 potions of lignification {unknown}
 z - a potion of attraction {unknown}


   Skills:
 + Level 5.2 Fighting
 + Level 4.4 Axes
 + Level 3.7 Throwing
 + Level 3.7 Armour
 + Level 4.3 Dodging
 - Level 4.5 Stealth
 + Level 3.9 Evocations


You had 7 spell levels left.
You didn't know any spells.
Your spell library contained the following spells:

 Spells                   Type           Power      Damage    Failure   Level
 Petrify                  Tmut/Erth      0%         N/A       99%         4
 Metabolic Englaciation   Hex/Ice        0%         N/A       100%        5
 Statue Form              Tmut/Erth      0%         N/A       100%        6
 Malign Gateway           Summ/Tloc      0%         N/A       100%        7
 Summon Horrible Things   Summ           0%         N/A       100%        8


Dungeon Overview and Level Annotations

Branches:
Dungeon (6/15)
 Temple: D:4-7

Altars:
Ashenzari
Cheibriados
Ru

Shops:
D:5 ?   D:6 :


Innate Abilities, Weirdness & Mutations

You are surrounded by a moderate repulsion field. (EV +3)
A meltable shield of frost defends you. (SH +0)
Spells you cast may paralyse adjacent enemies.


Message History

The centaur wields a +0 shortbow.
The centaur shoots an arrow.
The arrow hits you.
The centaur shoots an arrow.
The arrow hits you.
The centaur shoots an arrow.
You block the arrow.
The centaur shoots an arrow.
The arrow barely misses you.
The centaur shoots an arrow.
The arrow hits you but does no damage.
The centaur unwields a +0 shortbow.
The centaur hits you.
The centaur kicks you but does no damage.
An orc warrior comes into view. It is wielding a +2 glaive of flaming.
You hit the centaur but do no damage. The centaur closely misses you.
The centaur barely misses you.
The centaur hits you but does no damage.
You block the centaur's attack.
You hit the centaur. You burn the centaur.
The centaur is lightly wounded.
The centaur closely misses you. The centaur misses you.
The centaur closely misses you. The centaur kicks you.
You hit the centaur. You burn the centaur.
The centaur is moderately wounded.
The centaur hits you. The centaur kicks you. The centaur closely misses you.
You block the centaur's attack.
You slash the centaur! You burn the centaur.
The centaur is almost dead.
You block the centaur's attack. The centaur kicks you.
The centaur barely misses you. The centaur closely misses you.
You slash the centaur! You burn the centaur.
You kill the centaur!
An orc priest comes into view. It is wielding a +0 dagger.
The orc warrior hits you from afar with a +2 glaive of flaming!!
* * * LOW HITPOINT WARNING * * *
Your condensation shield dissipates!
The orc warrior burns you.
* * * LOW HITPOINT WARNING * * *
The orc warrior hits you from afar with a +2 glaive of flaming!
* * * LOW HITPOINT WARNING * * *
The orc warrior burns you.
* * * LOW HITPOINT WARNING * * *
You feel yourself speed up.
The orc warrior hits you from afar with a +2 glaive of flaming!
You die...

###.##....# #.........#
#...# #......##
#.........###...###
###......#
##...##......#.....#.
#........###...#
##........))...
...#......##...#
##(.......)...# .#
####.......#
##.........)#..#
##......####...##.........#
#......##....####.........
##.....o.@..## ###.......
##.........# ##.#####
#.........# #..# #
#..........# #....
#..####.....# #..#. ..##
##....# .# . ..# #...## ..
##..#


You could see an orc warrior.

Vanquished Creatures
  Pikel (D:3)
  Eustachio (D:4)
  Menkaure (D:4)
  A water moccasin (D:6)
  A sky beast (D:6)
  A centaur (D:5)
  A lemure (D:3)
  A phantom (D:6)
  2 jellies
  A centaur zombie (D:6)
  2 hounds (D:6)
  4 orc priests
  2 iguanas
  An orc wizard (D:5)
  A hound skeleton (D:4)
  A howler monkey skeleton (D:4)
  3 adders
  A white imp (D:6)
  A worm (D:2)
  3 dart slugs
  14 orcs
  6 endoplasms
  5 giant cockroaches
  5 goblins
  6 hobgoblins
  2 jackals (D:4)
  3 kobolds
  A quokka (D:2)
  7 ball pythons
  8 bats
  3 frilled lizards
  3 rats
93 creatures vanquished.

Notes
Turn   | Place    | Note
-------+----------+-------------------------------------------
     0 | D:5      | flotson the Demonspawn Delver began the quest for the Orb.
     0 | D:5      | Reached XP level 1. HP: 18/18 MP: 1/1
    10 | D:5      | Found Nevy's Magic Scroll Shop.
   325 | D:1      | Found a faded altar of an unknown god.
   475 | D:1      | Gained mutation: A meltable shield of frost defends you.
                  | (SH +0) [demonic ancestry]
   475 | D:1      | Reached XP level 2. HP: 24/24 MP: 2/2
  1323 | D:2      | Reached XP level 3. HP: 29/29 MP: 3/3
  1463 | D:2      | Reached skill level 1 in Throwing
  1463 | D:2      | Reached skill level 1 in Armour
  2342 | D:3      | Gained mutation: You are surrounded by a mild repulsion
                  | field. (EV +2) [demonic ancestry]
  2342 | D:3      | Reached XP level 4. HP: 8/35 MP: 4/4
  2783 | D:3      | Found a broken altar of Ashenzari.
  2831 | D:3      | Found a sacrificial altar of Ru.
  2835 | D:3      | Found a snail-covered altar of Cheibriados.
  3124 | D:4      | Noticed Menkaure
  3502 | D:4      | Noticed a lemure
  3502 | D:4      | Noticed a lemure
  3503 | D:4      | Noticed Pikel
  3503 | D:4      | Noticed a lemure
  3503 | D:4      | Noticed a lemure
  3593 | D:3      | Killed a lemure
  3823 | D:3      | Killed Pikel
  3824 | D:3      | Reached skill level 4 in Fighting
  3824 | D:3      | Reached XP level 5. HP: 10/42 MP: 5/5
  3824 | D:3      | Gained mutation: You are surrounded by a moderate repulsion
                  | field. (EV +3) [demonic ancestry]
  3824 | D:3      | Reached XP level 6. HP: 11/48 MP: 6/6
  3824 | D:3      | Gained mutation: Spells you cast may paralyse adjacent
                  | enemies. [demonic ancestry]
  3824 | D:3      | Reached XP level 7. HP: 13/54 MP: 7/7
  4452 | D:4      | Noticed Eustachio
  4676 | D:4      | Killed Menkaure
  4783 | D:4      | Killed Eustachio
  4882 | D:4      | You fall into a shaft and drop 2 floors!
  4959 | D:6      | Found Tyjipt's Self-Improvement Boutique.
  5359 | D:6      | Reached XP level 8. HP: 45/61 MP: 8/8
  5803 | D:6      | Reached skill level 5 in Fighting
  6425 | D:5      | HP: 3/62 [orc warrior (2)]
  6429 | D:5      | Mangled by an orc warrior

Illustrated notes

Levels and vault maps discovered:
D:1:      matt_arrival_diagonals, layout_basic,
          hellmonk_ecumenical_altar_blasted, nrook_campfire, minmay_pentomino_v2
D:2:      layout_loops_ring, kennysheep_minor_cross
D:3:      layout_basic, minitemple
D:4:      layout_basic, due_unseen_surprise, uniq_menkaure, uniq_pikel,
          uniq_eustachio
D:5:      layout_layer_cave, serial_shops, shop
D:6:      layout_loops_ring, grunt_dithmenos_shadows, trog_hazing_becter,
          nicolae_shop_self_help

Skill      XL: |  1  2  3  4  5  6  7  8 |
---------------+-------------------------+-----
Axes           | 2 3 4 |  4.4
Dodging        | 2 3 4 |  4.3
Throwing       | 1 2 3 |  3.7
Armour         | 1 2 3 |  3.7
Fighting       | 4 5 |  5.2
Evocations     | 2 3 |  3.9
Stealth        | |  4.5

Action                   |  1- 3 |  4- 6 |  7- 9 || total
-------------------------+-------+-------+-------++-------
Melee: Dagger            |   117 |    84 |       ||   201
       Whip              |       |       |   124 ||   124
       Scythe            |       |       |    33 ||    33
       War axe           |       |       |    65 ||    65
Throw: Dart              |     7 |     2 |     9 ||    18
Evoke: Wand              |     1 |     6 |     5 ||    12
  Use: Potion            |       |     1 |     2 ||     3
       Scroll            |       |       |     3 ||     3
 Stab: Sleeping          |     8 |     4 |     6 ||    18
       Invisible         |     1 |       |       ||     1
Armor: Ring mail         |    46 |     3 |       ||    49
       Leather armour    |       |    21 |    71 ||    92
Dodge: Dodged            |    43 |    37 |   186 ||   266
Block: Other             |    16 |     9 |    36 ||    61

Table legend: (Time is in decaauts)
 A = Elapsed time spent in this place.
 B = Non-inter-level travel time spent in this place.
 C = Inter-level travel time spent in this place.
 D = Time resting spent in this place.
 E = Time spent auto-exploring this place.
 F = Levels seen in this place.
 G = Mean time per level.
                   A        B        C        D        E       F      G
               +--------+--------+--------+--------+--------+-----+--------+
         Total |   6448 |   6119 |    329 |    188 |   4664 |   6 | 1074.7 |
       Dungeon |   6448 |   6119 |    329 |    188 |   4664 |   6 | 1074.7 |
               +--------+--------+--------+--------+--------+-----+--------+

Top non-repeatable levels by time:
     D:3: 1575 daAuts
     D:4: 1510 daAuts
     D:1: 991 daAuts
     D:6: 956 daAuts
     D:2: 928 daAuts
     D:5: 485 daAuts
